AoeStats
← LaisTakara

Black Forest

510312932Analyzed
2v2 RM · 3d ago on Sep 30, 2026· 67m 29s· 4 players
Game mode
Random Map
Map size
Medium (4 player)
Population
200
Speed
Normal
Resources
Standard
Victory
Conquest
Starting age
Dark Age
Ending age
Imperial Age
RankedLock teamsTeams togetherTeam positionsShared explorationLock speedFull tech treeHidden civsTurbo modeCheats
Victory
Defeat
🇺🇸 Turks · United States
529
+18
🇵🇹 Portuguese · Portugal
457
+22
🇹🇷 Magyars · Türkiye
596
-44
🇹🇷 Turks · Türkiye
563
-19
The Messiaw
0:52 Loom
12:27 Feudal Age
13:51 Wheelbarrow
12:59 Horse Collar
13:07 Double-Bit Axe
13:29 Town Watch
17:45 Gold Mining
17:45 Stone Mining
25:15 Castle Age
26:19 Hand Cart
26:06 Heavy Plow
26:44 Gold Shaft Mining
26:21 Bow Saw
33:55 Imperial Age
34:34 Town Patrol
34:40 Caravan
35:10 Coinage
34:51 Guilds
37:31 Masonry
37:05 Treadmill Crane
37:39 Fortified Wall
41:23 Elite Janissary
42:04 Artillery
42:25 Man-at-Arms
42:51 Arson
43:06 Squires
44:50 Long Swordsman
45:40 Fletching
45:50 Padded Archer Armor
46:02 Forging
45:53 Scale Mail Armor
46:26 Architecture
45:50 Guard Tower
46:35 Ballistics
47:29 Banking
46:47 Two-Handed Swordsman
47:52 Champion
50:08 Iron Casting
66:14 Bodkin Arrow
66:34 Leather Archer Armor
67:20 Blast Furnace
66:35 Chain Mail Armor
66:25 Scale Barding Armor
LaisTakara
14:38 Feudal Age
15:09 Loom
22:24 Castle Age
23:21 Double-Bit Axe
23:35 Crossbowman
25:33 Wheelbarrow
24:44 Town Watch
30:41 Caravan
30:38 Gold Mining
30:56 Fishing Lines
31:52 Bow Saw
31:55 Padded Archer Armor
31:47 Fletching
33:11 Hand Cart
33:26 Horse Collar
33:41 Stone Mining
36:52 Thumb Ring
36:10 Pikeman
36:37 Arson
41:18 Imperial Age
40:33 Elite Skirmisher
40:41 Man-at-Arms
41:07 Gambesons
40:45 Light Cavalry
41:36 Bloodlines
41:26 Husbandry
41:47 Town Patrol
42:03 Heavy Plow
42:55 Ballistics
42:47 Fortified Wall
42:33 Murder Holes
42:49 Masonry
42:34 Heated Shot
43:50 Chemistry
42:33 Treadmill Crane
43:24 Leather Archer Armor
43:05 Bodkin Arrow
43:43 Coinage
44:23 Stone Shaft Mining
43:31 Capped Ram
44:11 Arbalester
44:55 Gillnets
46:21 Ring Archer Armor
46:37 Architecture
51:17 Two-Man Saw
50:24 Elite Organ Gun
53:47 Conscription
53:34 Arquebus
54:40 Onager
55:01 Cavalier
SoCanBrook
0:28 Loom
13:29 Feudal Age
14:02 Horse Collar
15:24 Double-Bit Axe
19:45 Wheelbarrow
21:00 Arson
21:23 Scale Barding Armor
21:30 Forging
21:12 Fletching
22:46 Padded Archer Armor
22:47 Scale Mail Armor
25:21 Castle Age
23:53 Gold Mining
23:55 Stone Mining
26:59 Gold Shaft Mining
26:42 Bow Saw
26:37 Heavy Plow
26:43 Caravan
27:26 Coinage
29:26 Iron Casting
29:08 Leather Archer Armor
29:52 Crossbowman
30:38 Thumb Ring
32:18 Bloodlines
32:09 Husbandry
32:32 Chain Barding Armor
33:49 Squires
38:21 Fortified Wall
42:25 Hand Cart
43:27 Chain Mail Armor
46:53 Imperial Age
45:54 Masonry
45:40 Murder Holes
46:07 Ballistics
45:37 Guard Tower
47:36 Capped Ram
52:05 Banking
51:45 Guilds
53:31 Sipahi
53:16 Artillery
57:08 Cavalier
62:37 Conscription
61:50 Sappers
63:42 Elite Janissary
Jack Sparrow
2:10 Loom
14:05 Feudal Age
14:57 Double-Bit Axe
17:14 Padded Archer Armor
17:05 Fletching
20:41 Gold Mining
21:00 Scale Barding Armor
20:55 Scale Mail Armor
26:01 Castle Age
26:38 Bloodlines
26:14 Arson
25:50 Man-at-Arms
26:36 Horse Collar
26:50 Stone Mining
27:36 Gold Shaft Mining
28:54 Husbandry
28:15 Light Cavalry
30:01 Leather Archer Armor
29:42 Bodkin Arrow
30:08 Chain Barding Armor
31:29 Caravan
32:01 Guard Tower
32:07 Murder Holes
32:35 Bow Saw
35:25 Ballistics
37:37 Heavy Plow
37:54 Masonry
37:26 Treadmill Crane
43:41 Imperial Age
45:28 Chemistry
44:39 Cavalier
44:40 Hussar
49:04 Paladin
55:06 Paladin
Connection lost

Rejoining the realm…

Still unreachable

The connection could not be restored.

Session expired

The server has moved on; the page needs a fresh start.